 Dungeon Crawl Stone Soup version 0.18.1-1-g2f07953 (webtiles) character file.

319 LadyBoobiez the Carver (level 6, 0/42 HPs)
             Began as a High Elf Fighter on May 13, 2016.
             Was a Follower of Qazlal.
             Slain by a worker ant (6 damage)
             ... on level 4 of the Dungeon.
             The game lasted 01:04:15 (4485 turns).

LadyBoobiez the Carver (High Elf Fighter)           Turns: 4485, Time: 01:04:16

Health: 0/42       AC:  8    Str: 15    XL:     6   Next: 21%
Magic:  7/7        EV:  3    Int: 13    God:    Qazlal [*.....]
Gold:   203        SH: 10    Dex: 16    Spells: 0 memorised, 5 levels left

rFire  . . .     SeeInvis +     a - +0 long sword
rCold  . . .     Gourm    .     w - +0 chain mail
rNeg   . . .     Faith    .     c - +0 shield
rPois  .         Spirit   .     (no helmet)
rElec  .         Dismiss  .     (no cloak)
rCorr  .         Reflect  .     (no gloves)
SustAt .         Harm     .     (no boots)
MR     .....                    (no amulet)
Stlth  ..........               g - ring of see invisible
                                m - ring of flight

@: lethally poisoned (0 -> -7), drained, not resistant to hostile enchantments,
extremely unstealthy
A: no striking features
a: Renounce Religion, Evoke Flight


You were on level 4 of the Dungeon.
You worshipped Qazlal.
Qazlal was aware of your devotion.
You were not hungry.

You visited 1 branch of the dungeon, and saw 4 of its levels.

You collected 203 gold pieces.

Inventory:

Hand Weapons
 a - a +0 long sword (weapon)
Missiles
 j - 144 stones (quivered)
 s - 7 exploding tomahawks
Armour
 b - a +0 scale mail
 c - a +0 shield (worn)
 w - a +0 chain mail (worn)
Jewellery
 g - a ring of see invisible (right hand)
 m - a ring of flight (left hand)
Wands
 l - a wand of paralysis (0/24)
Scrolls
 h - 2 scrolls of remove curse
 i - 4 scrolls of identify
 k - a scroll of noise {unknown}
 o - a scroll of magic mapping {unknown}
 r - 2 scrolls of enchant armour {unknown}
 t - a scroll of amnesia {unknown}
Potions
 e - 2 potions of ambrosia
Books
 v - a book of Alchemy

   Spells                             Type                      Level
   a - Sublimation of Blood           Necromancy                   2
   b - Ignite Poison                  Fire/Transmutation/Poison    3
   c - Petrify                        Transmutation/Earth          4
   d - Alistair's Intoxication        Transmutation/Poison         5
   e - Irradiate                      Conjuration/Transmutation    5
Comestibles
 f - a bread ration
 q - 4 fruits


   Skills:
 - Level 3.0(2.8) Fighting
 + Level 8.0(7.8) Long Blades
 - Level 2.6(2.4) Armour
 - Level 2.6(2.4) Shields


You had 5 spell levels left.
You didn't know any spells.

Dungeon Overview and Level Annotations

Branches:
Dungeon (4/15)
 Temple: D:4-7

Altars:
Elyvilon
Fedhas
Gozag
Okawaru
Qazlal
Ru
Vehumet
Zin


Message History

You block the worker ant's attack. The worker ant bites you.
* * * LOW HITPOINT WARNING * * *
Your shield and chain mail prevent you from hitting the worker ant.
The worker ant is severely wounded.
The worker ant bites you.
* * * LOW HITPOINT WARNING * * *
You are lethally poisoned!
The worker ant poisons you!
You hit the worker ant but do no damage.
The worker ant is severely wounded.
* * * LOW HITPOINT WARNING * * *
You feel sick.
The howler monkey hoots and howls with incredible vigour!
The worker ant bites you but does no damage. x2
You hear a bark!
Your shield and chain mail prevent you from hitting the worker ant.
The worker ant is severely wounded.
* * * LOW HITPOINT WARNING * * *
You feel sick. The worker ant bites you.
You die...

#..#.# #.#.#
#...# ##..#
#..# #..###
#....#####
#..#.....#
#..#@###.#
##+#a#
[....>.hl.....#
.......?......#
.....?........#
..?...........#
...............
..............#
..............#


You could see a howler monkey, a worker ant and a giant gecko.

Vanquished Creatures
  An orc warrior (D:3)
  A hound (D:3)
  An orc wizard (D:3)
  Robin (D:3)
  7 adders (D:2)
  An adder skeleton (D:4)
  A dart slug (D:1)
  2 giant geckos (D:2)
  10 orcs
  9 giant cockroaches
  15 goblins
  10 hobgoblins
  A quokka (D:2)
  2 bats
  5 giant newts
  8 kobolds
  4 rats
79 creatures vanquished.

Notes
Turn   | Place    | Note
--------------------------------------------------------------
     0 | D:1      | LadyBoobiez the High Elf Fighter began the quest for the Orb.
     0 | D:1      | Reached XP level 1. HP: 16/16 MP: 2/2
   196 | D:1      | Reached skill level 3 in Long Blades
   268 | D:1      | Reached XP level 2. HP: 21/21 MP: 3/3
   310 | D:1      | You fall through a shaft!
   608 | D:2      | Found a white marble altar of Elyvilon.
   608 | D:2      | Found a sacrificial altar of Ru.
   868 | D:1      | Reached skill level 4 in Long Blades
  1423 | D:2      | Reached XP level 3. HP: 17/26 MP: 4/4
  1822 | D:2      | Found an opulent altar of Gozag.
  1822 | D:2      | Found a blossoming altar of Fedhas.
  2070 | D:2      | Reached skill level 5 in Long Blades
  2207 | D:2      | Reached XP level 4. HP: 24/31 MP: 5/5
  2806 | D:3      | Reached skill level 6 in Long Blades
  2867 | D:3      | Reached XP level 5. HP: 21/36 MP: 6/6
  3129 | D:3      | Noticed an orc warrior
  3143 | D:3      | Found a stormy altar of Qazlal.
  3143 | D:3      | Found a radiant altar of Vehumet.
  3259 | D:3      | Became a worshipper of Qazlal Stormbringer
  3283 | D:3      | Found a glowing silver altar of Zin.
  3283 | D:3      | Noticed an angel
  3714 | D:3      | Noticed Robin
  3735 | D:3      | Reached skill level 7 in Long Blades
  3738 | D:3      | Killed Robin
  3839 | D:3      | Killed an orc warrior
  3839 | D:3      | Reached XP level 6. HP: 16/42 MP: 7/7
  4048 | D:3      | Found an iron altar of Okawaru.
  4289 | D:4      | Reached * piety under Qazlal
  4300 | D:4      | Reached skill level 8 in Long Blades
  4485 | D:4      | Slain by a worker ant

Skill      XL: |  1  2  3  4  5  6 |
---------------+-------------------+-----
Long Blades    | 3 4 5 6 7 8 |  8.0
Fighting       | |  3.0
Armour         | |  2.6
Shields        | |  2.6

Action                   |  1- 3 |  4- 6 || total
-------------------------+-------+-------++-------
Melee: Long sword        |   110 |   193 ||   303
Throw: Stone             |       |    10 ||    10
Evoke: Wand              |       |     6 ||     6
  Use: Scroll            |     2 |     2 ||     4
       Potion            |       |     8 ||     8
 Stab: Paralysed         |       |     1 ||     1
  Eat: Chunk             |     3 |     7 ||    10
       Meat ration       |       |     1 ||     1
Armor: Scale mail        |    43 |    30 ||    73
       Chain mail        |       |    41 ||    41
       Skin              |       |    11 ||    11
Dodge: Dodged            |    17 |    23 ||    40
Block: Shield            |    37 |    97 ||   134
